 Dungeon Sprint DCSS version 0.20.1-1-g8b1a95d (webtiles) character file.

582 Lanoc the Frost Mage (level 7, -1/36 HPs)
             Began as a Deep Elf Ice Elementalist on Nov 27, 2017.
             Was a Believer of Sif Muna.
             Asphyxiated
             ... in the Dungeon (Sprint I: "Red Sonja").
             The game lasted 00:05:18 (656 turns).

Lanoc the Frost Mage (Deep Elf Ice Elementalist)     Turns: 656, Time: 00:05:19

Health: -1/36      AC:  4    Str:  5    XL:     7   Next: 14%
Magic:  3/23       EV: 17    Int: 22    God:    Sif Muna [**....]
Gold:   405        SH:  0    Dex: 15    Spells: 14/28 levels left

rFire    + . .     SeeInvis .   (no weapon)
rCold    . . .     Gourm    .   (no shield)
rNeg     . . .     Faith    .   k - +2 robe {rF+}
rPois    .         Spirit   .   (no helmet)
rElec    .         Reflect  .   (no cloak)
rCorr    .         Harm     .   (no gloves)
MR       .....     NoTele   +   (no boots)
Stlth    +++.......             (no amulet)
Regen    0.2/turn               (no ring)
MPRegen  0.2/turn               (no ring)

@: lethally poisoned (-1 -> -34), slowed, very slow
A: no striking features
a: Divine Energy, Renounce Religion


You were in the Dungeon.
You worshipped Sif Muna.
Sif Muna was pleased with you.
You were not hungry.

You visited 1 branch You collected 405 gold pieces.

Inventory:

Armour
 k - a +2 robe of fire resistance (worn)
Wands
 j - a wand of digging (11/24)
Scrolls
 i - a scroll of blinking
Potions
 d - a potion of curing
 e - a potion of heal wounds
 f - a potion of haste
 g - 2 potions of magic
 h - a potion of berserk rage
Books
 b - a book of Frost

   Spells                             Type                      Level
   a - Freeze                         Ice                          1
   b - Throw Frost                    Conjuration/Ice              2
   c - Ozocubu's Armour               Charms/Ice                   3
   d - Throw Icicle                   Conjuration/Ice              4
   e - Summon Ice Beast               Ice/Summoning                4
Comestibles
 a - a royal jelly
 c - a bread ration


   Skills:
 + Level 7.2 Dodging
 + Level 6.1 Stealth
 + Level 11.1 Spellcasting
 + Level 3.4 Conjurations
 + Level 2.8 Summonings
 + Level 11.2 Ice Magic


You had 14 spell levels left.
You knew the following spells:

 Your Spells              Type           Power        Failure   Level  Hunger
a - Freeze                Ice            ####         1%          1    None
b - Throw Frost           Conj/Ice       #####.       1%          2    None
c - Ozocubu's Armour      Chrm/Ice       #####...     1%          3    None
d - Throw Icicle          Conj/Ice       #####...     2%          4    #......
e - Summon Ice Beast      Ice/Summ       #####...     3%          4    #......


Dungeon Overview and Level Annotations

Branches:
Dungeon (1/1)

Altars:
Cheibriados
Dithmenos
Elyvilon
Fedhas
Gozag
Hepliaklqana
Kikubaaqudgha
Makhleb
Nemelex Xobeh
Okawaru
Qazlal
Ru
Sif Muna
Trog
Uskayaw
Vehumet
Xom
Yredelemnul
Zin
The Shining One
Jiyva
Lugonu

Shops:
D =

Annotations:
D Sonja


Message History

Sonja wields an uncursed glowing blowgun.
Sonja shoots a curare-tipped needle.
The curare-tipped needle closely misses you.
You see here a curare-tipped needle.
Sonja shoots a curare-tipped needle.
The curare-tipped needle hits you.
You are poisoned.
You have difficulty breathing.
You feel yourself slow down.
There is an open door here.
You see here a curare-tipped needle.
You feel sick.
Sonja shoots a curare-tipped needle.
The curare-tipped needle hits you.
You are lethally poisoned!
You have difficulty breathing.
* * * LOW HITPOINT WARNING * * *
You feel as though you will be slow longer.
The kobold demonologist miscasts a cantrip.
Sonja shoots a curare-tipped needle.
The curare-tipped needle hits you.
You are more poisoned.
You have difficulty breathing.
You die...

##########################
#<.#.)'.[#..'..#53#3.'35§#
#..'[.#..'5K#..'3K'55#K5.#
#..#####'##.##'#53#### .3+
#..####..#...#(#### ##
#..#__####.5##.#
#..#_____##(#..+
#⌠⌠#_.∩...'@.._#
####_..__##_.#+#
#_____##.+# #########. .
K$ .# +#


You could see a kobold demonologist, Sonja, an iron imp and a crimson imp.

Vanquished Creatures
  A slime creature (D)
  A yak (D)
  An ogre (D)
  A jelly (D)
  Ijyb (D)
5 creatures vanquished.

Vanquished Creatures (collateral kills)
  Sigmund (D)
  A floating eye (D)
2 creatures vanquished.

Grand Total: 7 creatures vanquished

Notes
Turn   | Place    | Note
-------+----------+-------------------------------------------
     0 | D        | Lanoc the Deep Elf Ice Elementalist began the quest for the Orb.
     0 | D        | Reached XP level 1. HP: 10/10 MP: 6/6
     1 | D        | Noticed Ijyb
     8 | D        | Killed Ijyb
     8 | D        | Reached skill level 5 in Ice Magic
     8 | D        | Reached XP level 2. HP: 13/15 MP: 0/9
    89 | D        | Learned a level 2 spell: Throw Frost
    89 | D        | Noticed an ogre
    97 | D        | Killed an ogre
    97 | D        | Reached skill level 5 in Dodging
    97 | D        | Reached XP level 3. HP: 9/19 MP: 1/13
    97 | D        | Reached XP level 4. HP: 11/24 MP: 1/14
   255 | D        | Learned a level 3 spell: Ozocubu's Armour
   260 | D        | Learned a level 4 spell: Throw Icicle
   265 | D        | Learned a level 4 spell: Summon Ice Beast
   265 | D        | Noticed Sigmund
   274 | D        | Killed Sigmund
   274 | D        | Reached skill level 1 in Summonings
   274 | D        | Reached XP level 5. HP: 24/28 MP: 3/17
   377 | D        | Found a deep blue altar of Sif Muna.
   380 | D        | Found a radiant altar of Vehumet.
   403 | D        | Became a worshipper of Sif Muna the Loreminder
   409 | D        | Found a burning altar of Makhleb.
   409 | D        | Found a viscous altar of Jiyva.
   409 | D        | Found a shimmering altar of Xom.
   409 | D        | Found a corrupted altar of Lugonu.
   409 | D        | Noticed a slime creature
   414 | D        | Killed a slime creature
   414 | D        | Reached * piety under Sif Muna
   414 | D        | Reached skill level 5 in Stealth
   414 | D        | Reached skill level 10 in Spellcasting
   414 | D        | Reached skill level 10 in Ice Magic
   414 | D        | Reached XP level 6. HP: 32/32 MP: 2/21
   528 | D        | Found Azxiufad's Jewellery Emporium.
   528 | D        | Found an ancient bone altar of Kikubaaqudgha.
   528 | D        | Found a hazy altar of Hepliaklqana.
   528 | D        | Found a stormy altar of Qazlal.
   528 | D        | Found a hide-covered altar of Uskayaw.
   528 | D        | Found a blossoming altar of Fedhas.
   528 | D        | Found a bloodstained altar of Trog.
   528 | D        | Found an iron altar of Okawaru.
   528 | D        | Found a basalt altar of Yredelemnul.
   528 | D        | Found a glowing golden altar of the Shining One.
   528 | D        | Found a snail-covered altar of Cheibriados.
   528 | D        | Found a sacrificial altar of Ru.
   528 | D        | Found a glowing silver altar of Zin.
   528 | D        | Found a shadowy altar of Dithmenos.
   528 | D        | Found a white marble altar of Elyvilon.
   528 | D        | Noticed a yak
   535 | D        | Killed a yak
   535 | D        | Reached ** piety under Sif Muna
   535 | D        | Reached XP level 7. HP: 22/36 MP: 10/23
   538 | D        | Found an opulent altar of Gozag.
   539 | D        | Found a sparkling altar of Nemelex Xobeh.
   623 | D        | Noticed a kobold demonologist
   626 | D        | Paralysed by a floating eye for 4 turns
   627 | D        | Noticed a kobold demonologist
   629 | D        | Noticed a sun demon
   635 | D        | Noticed a smoke demon
   644 | D        | Noticed a neqoxec
   649 | D        | Noticed a smoke demon
   650 | D        | Noticed a soul eater
   654 | D        | Noticed Sonja
   656 | D        | Asphyxiated

Skill      XL: |  1  2  3  4  5  6  7 |
---------------+----------------------+-----
Dodging        | 3 5 6 7 |  7.2
Stealth        | 3 4 5 6 |  6.1
Spellcasting   | 4 6 8 10 11 | 11.1
Ice Magic      | 5 7 9 10 11 | 11.2
Summonings     | 1 2 |  2.8
Conjurations   | 2 3 |  3.4

Action                   |  1- 3 |  4- 6 |  7- 9 || total
-------------------------+-------+-------+-------++-------
 Cast: Freeze            |     7 |     3 |     1 ||    11
       Throw Frost       |     3 |       |     5 ||     8
       Summon Ice Beast  |       |     3 |     4 ||     7
       Throw Icicle      |       |     7 |       ||     7
Evoke: Wand              |       |       |     2 ||     2
Armor: Robe              |     1 |       |     1 ||     2
Dodge: Dodged            |     3 |     1 |     1 ||     5
